AoeStats
← VeX

Arabia

510378249Analyzed
2v2 RM · 22h ago on Sep 30, 2026· 47m 6s· 4 players
Game mode
Random Map
Map size
Medium (4 player)
Population
200
Speed
Normal
Resources
Standard
Victory
Conquest
Starting age
Dark Age
Ending age
Imperial Age
RankedLock teamsTeams togetherTeam positionsShared explorationLock speedFull tech treeHidden civsTurbo modeCheats
Victory
Defeat
🇨🇦 Khmer · Canada
1179
+15
🇺🇸 Ethiopians · United States
1087
+19
🇪🇸 Spanish · Spain
1158
-17
🇪🇸 Franks · Spain
1158
-17
VeX
10:33 Feudal Age
8:49 Loom
11:16 Double-Bit Axe
21:36 Castle Age
19:52 Gold Mining
21:21 Scale Barding Armor
22:23 Wheelbarrow
22:28 Husbandry
23:33 Forging
24:32 Bow Saw
25:24 Hand Cart
27:45 Chain Barding Armor
28:51 Iron Casting
29:30 Gold Shaft Mining
30:36 Stone Mining
36:40 Scale Mail Armor
36:04 Pikeman
36:45 Squires
38:04 Gambesons
40:46 Chain Mail Armor
xKuesT
10:53 Feudal Age
15:29 Castle Age
13:41 Double-Bit Axe
14:26 Stone Mining
15:00 Loom
16:42 Loom
18:04 Fletching
22:46 Bow Saw
24:38 Gold Mining
33:11 Imperial Age
31:22 Padded Archer Armor
34:22 Conscription
34:20 Bodkin Arrow
39:29 Bloodlines
39:20 Husbandry
FEMALE INCA VILLAGER
7:01 Loom
9:42 Feudal Age
10:12 Double-Bit Axe
10:08 Horse Collar
12:56 Horse Collar
20:13 Castle Age
19:23 Scale Barding Armor
19:29 Forging
21:51 Chain Barding Armor
22:07 Iron Casting
22:34 Bloodlines
22:25 Husbandry
23:46 Wheelbarrow
23:45 Bow Saw
23:36 Heavy Plow
24:16 Gold Mining
24:18 Stone Mining
26:33 Fletching
29:40 Bodkin Arrow
33:07 Hand Cart
37:01 Imperial Age
35:07 Iron Casting
34:48 Town Watch
36:49 Gold Shaft Mining
37:20 Coinage
37:31 Ballistics
37:08 Murder Holes
37:02 Cavalier
38:04 Conscription
38:45 Blast Furnace
38:21 Plate Barding Armor
38:54 Banking
39:28 Chemistry
37:49 Light Cavalry
40:55 Padded Archer Armor
40:56 Scale Mail Armor
40:40 Capped Ram
41:14 Hussar
43:02 Siege Ram
46:08 Leather Archer Armor
46:09 Chain Mail Armor
osteor10
3:03 Loom
11:34 Feudal Age
17:39 Double-Bit Axe
18:26 Fletching
22:08 Castle Age
20:02 Horse Collar
23:00 Wheelbarrow
22:32 Padded Archer Armor
22:46 Crossbowman
23:32 Thumb Ring
23:47 Squires
29:12 Gold Mining
29:20 Bodkin Arrow
39:49 Bow Saw
41:36 Elite Skirmisher
45:04 Leather Archer Armor
Connection lost

Rejoining the realm…

Still unreachable

The connection could not be restored.

Session expired

The server has moved on; the page needs a fresh start.